[ AOE2 MATCH · #478640170 ]
UnrankedMongols vs Romans
[ REPLAY ANALYSIS · EXTRACTED FROM THE RECORDED GAME ]
Feudal
11:42
Castle
—
Imperial
—
| APM avg | 47.6 |
| APM peak | 94 |
| eAPM avg | 19.6 |
| Villagers / military | 29 / 0 |
Focus
⚔️ 20.4% · 🌾 79.6%
Feudal
12:59
Castle
25:33
Imperial
—
| APM avg | 32.4 |
| APM peak | 82 |
| eAPM avg | 20.5 |
| Villagers / military | 68 / 82 |
Focus
⚔️ 45.1% · 🌾 54.9%
Militia ×44 · Skirmisher ×34 · Fishing Ship ×12 · Unknown (2626) ×8 · Galley ×2 · Centurion ×2
Feudal
13:31
Castle
17:26
Imperial
—
| APM avg | 42.3 |
| APM peak | 91 |
| eAPM avg | 19.2 |
| Villagers / military | 72 / 13 |
Focus
⚔️ 29.6% · 🌾 70.4%
Conquistador ×10 · Fishing Ship ×10 · Unknown (2626) ×3 · Missionary ×2 · Petard ×1
Feudal
13:28
Castle
26:16
Imperial
—
| APM avg | 60.8 |
| APM peak | 104 |
| eAPM avg | 38.2 |
| Villagers / military | 50 / 14 |
Focus
⚔️ 22.3% · 🌾 77.7%
Battering Ram ×13 · Fishing Ship ×6 · Mangonel ×1
Match map
Initial resources + every placement click. Lines = walls · curves = elevation contours. ◆ gold · ⬟ stone · ● berries · ✦ relic · ◌ wall gap
Your base· Open — 8t gap
Phoebus Apollo's base· Open — 14t gap
brachigol's base· Open — unwalled flank
Neo's base· Open — unwalled flank
Smoothed initial terrain · ◌ = detected wall gap · hover for details
Inputs per minute
— TheRe@l_Milo - - Phoebus Apollo
Build order — TheRe@l_Milo
67 actions detected in the replay
| 0:29 | Build | Town Center |
| 2:23 | Build | House |
| 2:38 | Research | Loom |
| 2:38 | Research | Loom |
| 2:59 | Create | Villager (Male) |
| 3:00 | Create | Villager (Male) |
| 3:37 | Create | Villager (Male) |
| 3:37 | Create | Villager (Male) |
| 3:37 | Create | Villager (Male) |
| 4:11 | Build | Mill |
| 4:18 | Create | Villager (Male) |
| 5:02 | Create | Villager (Male) |
| 5:28 | Create | Villager (Male) |
| 5:42 | Build | House |
| 5:58 | Build | House |
| 6:14 | Create | Villager (Male) |
| 6:58 | Create | Villager (Male) |
| 7:23 | Create | Villager (Male) |
| 7:40 | Create | Villager (Male) |
| 8:15 | Create | Villager (Male) |
| 8:34 | Create | Villager (Male) |
| 9:07 | Create | Villager (Male) |
| 9:09 | Build | Lumber Camp |
| 9:27 | Research | Feudal Age |
| 9:27 | Research | Feudal Age |
| 10:56 | Build | Mining Camp |
| 11:09 | Build | House |
| 11:35 | Create | Villager (Male) |
| 11:42 | Age | Feudal Age |
| 11:48 | Build | Watch Tower |
| 11:56 | Research | Double-Bit Axe |
| 11:57 | Research | Double-Bit Axe |
| 11:57 | Create | Villager (Male) |
| 12:08 | Build | House |
| 12:16 | Create | Villager (Male) |
| 12:48 | Create | Villager (Male) |
| 12:58 | Create | Villager (Male) |
| 13:17 | Build | Watch Tower |
| 13:21 | Build | House |
| 13:51 | Create | Villager (Male) |
| 14:02 | Build | Blacksmith |
| 14:13 | Create | Villager (Male) |
| 14:31 | Create | Villager (Male) |
| 14:40 | Build | Mill |
| 15:10 | Create | Villager (Male) |
| 15:17 | Build | Farm |
| 15:27 | Build | Barracks |
| 15:45 | Research | Fletching |
| 16:12 | Build | Watch Tower |
| 16:16 | Build | House |
| 16:17 | Create | Villager (Male) |
| 19:41 | Build | Lumber Camp |
| 21:18 | Build | Lumber Camp |
| 22:51 | Build | Town Center |
| 23:43 | Build | Market |
| 23:57 | Create | Villager (Male) |
| 23:58 | Create | Villager (Male) |
| 23:58 | Create | Villager (Male) |
| 25:02 | Build | House |
| 25:03 | Build | House |
| 26:14 | Build | Mill |
| 26:20 | Create | Villager (Male) |
| 29:58 | Build | Town Center |
| 30:56 | Build | Blacksmith |
| 31:21 | Build | Mining Camp |
| 31:28 | Research | Castle Age |
| 31:28 | Research | Castle Age |
Build order — Phoebus Apollo
First 150 of 224 actions detected
| 0:10 | Build | House |
| 0:27 | Build | Town Center |
| 1:02 | Build | Dock |
| 2:28 | Create | Villager (Male) ×4 |
| 3:27 | Create | Fishing Ship |
| 3:43 | Create | Villager (Male) |
| 3:44 | Create | Villager (Male) |
| 4:02 | Build | House |
| 4:31 | Research | Loom |
| 4:54 | Create | Fishing Ship |
| 4:56 | Create | Villager (Male) |
| 4:56 | Create | Villager (Male) |
| 5:14 | Create | Villager (Male) |
| 5:20 | Create | Villager (Male) |
| 5:51 | Build | House |
| 5:54 | Create | Villager (Male) |
| 5:55 | Create | Villager (Male) |
| 5:55 | Create | Villager (Male) |
| 6:28 | Create | Fishing Ship |
| 6:54 | Build | House |
| 7:00 | Create | Villager (Male) |
| 7:00 | Create | Villager (Male) |
| 7:00 | Create | Villager (Male) |
| 7:30 | Build | House |
| 7:41 | Create | Fishing Ship |
| 7:48 | Build | House |
| 8:08 | Create | Villager (Male) |
| 8:17 | Create | Fishing Ship |
| 8:18 | Create | Villager (Male) |
| 8:19 | Create | Villager (Male) |
| 8:44 | Create | Fishing Ship |
| 8:44 | Create | Fishing Ship |
| 8:57 | Build | House |
| 9:31 | Create | Villager (Male) |
| 9:32 | Create | Fishing Ship |
| 9:59 | Create | Villager (Male) |
| 10:01 | Build | Mining Camp |
| 10:05 | Build | House |
| 10:23 | Create | Villager (Male) |
| 10:41 | Research | Feudal Age |
| 11:23 | Create | Fishing Ship |
| 11:23 | Create | Fishing Ship |
| 11:51 | Build | House |
| 12:02 | Build | Barracks |
| 12:33 | Build | Barracks |
| 12:35 | Create | Villager (Male) |
| 12:35 | Create | Villager (Male) |
| 12:59 | Age | Feudal Age |
| 13:04 | Research | Man-at-Arms (upgrade) |
| 13:09 | Create | Unit 2626 |
| 13:09 | Create | Unit 2626 |
| 13:10 | Create | Unit 2626 |
| 13:15 | Create | Villager (Male) |
| 13:18 | Build | Blacksmith |
| 13:31 | Create | Militia ×5 |
| 13:38 | Create | Militia |
| 13:42 | Build | House |
| 13:42 | Build | House |
| 13:45 | Create | Militia |
| 13:45 | Create | Militia |
| 13:52 | Create | Militia |
| 13:52 | Create | Militia |
| 13:53 | Create | Militia |
| 13:53 | Create | Militia |
| 14:01 | Create | Unit 2626 |
| 14:02 | Create | Unit 2626 |
| 14:07 | Research | Scale Mail Armor |
| 14:07 | Research | Scale Mail Armor |
| 14:09 | Create | Villager (Male) |
| 14:09 | Create | Villager (Male) |
| 14:09 | Create | Villager (Male) |
| 14:15 | Create | Militia |
| 14:16 | Create | Militia |
| 14:30 | Create | Militia |
| 14:30 | Create | Militia |
| 14:43 | Build | Dock |
| 14:45 | Create | Militia |
| 14:46 | Create | Militia |
| 14:52 | Build | House |
| 14:53 | Build | House |
| 15:08 | Build | Mill |
| 15:14 | Create | Villager (Male) |
| 15:28 | Create | Militia |
| 15:43 | Create | Villager (Male) |
| 15:54 | Create | Fishing Ship |
| 15:54 | Create | Fishing Ship |
| 16:13 | Create | Militia |
| 16:16 | Build | Farm |
| 16:16 | Build | Farm |
| 16:16 | Build | Farm |
| 16:17 | Build | Farm |
| 16:50 | Create | Militia |
| 16:50 | Create | Villager (Male) |
| 17:17 | Create | Villager (Male) |
| 17:17 | Create | Villager (Male) |
| 17:26 | Create | Villager (Male) |
| 17:28 | Create | Villager (Male) |
| 17:51 | Create | Militia |
| 17:51 | Create | Militia |
| 17:54 | Build | Farm |
| 17:54 | Build | Farm |
| 17:54 | Build | Farm |
| 17:54 | Build | Farm |
| 18:11 | Create | Villager (Male) |
| 18:31 | Create | Villager (Male) |
| 18:31 | Create | Villager (Male) |
| 18:34 | Build | Farm |
| 18:41 | Create | Militia |
| 18:41 | Create | Militia |
| 18:42 | Create | Militia |
| 18:56 | Create | Militia |
| 18:56 | Create | Militia |
| 19:02 | Build | Farm |
| 19:07 | Build | House |
| 19:16 | Create | Militia |
| 19:16 | Create | Militia |
| 19:16 | Create | Militia |
| 19:16 | Create | Militia |
| 19:21 | Research | Forging |
| 19:42 | Create | Militia |
| 19:42 | Create | Militia |
| 19:43 | Create | Militia |
| 19:44 | Create | Villager (Male) |
| 19:45 | Create | Villager (Male) |
| 20:20 | Build | House |
| 20:21 | Build | House |
| 20:21 | Build | House |
| 20:22 | Create | Villager (Male) |
| 20:22 | Create | Villager (Male) |
| 21:03 | Create | Villager (Male) |
| 21:03 | Create | Villager (Male) |
| 21:13 | Create | Villager (Male) |
| 21:13 | Create | Villager (Male) |
| 21:24 | Build | Farm |
| 21:24 | Build | Farm |
| 21:30 | Create | Villager (Male) |
| 21:31 | Create | Villager (Male) |
| 22:12 | Create | Villager (Male) |
| 22:14 | Build | Market |
| 22:47 | Create | Villager (Male) |
| 22:48 | Research | Castle Age |
| 22:57 | Research | Fletching |
| 22:57 | Research | Padded Archer Armor |
| 23:04 | Create | Unit 2626 |
| 23:05 | Create | Unit 2626 |
| 23:05 | Create | Unit 2626 |
| 23:36 | Build | Lumber Camp |
| 23:59 | Build | Archery Range |
| 24:03 | Build | Archery Range |
| 24:07 | Research | Double-Bit Axe |
Build order — brachigol
First 150 of 154 actions detected
| 0:21 | Build | Town Center |
| 1:52 | Build | Dock |
| 1:53 | Build | House |
| 2:40 | Create | Villager (Male) ×4 |
| 3:59 | Create | Fishing Ship |
| 4:25 | Research | Loom |
| 4:28 | Build | House |
| 4:42 | Create | Villager (Male) |
| 4:53 | Create | Fishing Ship |
| 5:20 | Create | Villager (Male) |
| 5:20 | Create | Villager (Male) |
| 5:46 | Create | Villager (Male) |
| 5:48 | Create | Fishing Ship |
| 6:02 | Build | House |
| 6:13 | Create | Villager (Male) |
| 6:13 | Create | Villager (Male) |
| 6:39 | Create | Villager (Male) |
| 6:58 | Create | Villager (Male) |
| 6:58 | Create | Villager (Male) |
| 7:13 | Create | Fishing Ship |
| 7:16 | Build | House |
| 7:20 | Create | Villager (Male) |
| 7:20 | Create | Villager (Male) |
| 7:43 | Create | Villager (Male) |
| 7:49 | Create | Fishing Ship |
| 8:11 | Create | Villager (Male) |
| 8:11 | Create | Villager (Male) |
| 8:26 | Create | Fishing Ship |
| 8:29 | Build | House |
| 8:38 | Create | Villager (Male) |
| 9:04 | Build | House |
| 9:12 | Create | Fishing Ship |
| 9:13 | Create | Villager (Male) |
| 9:52 | Create | Villager (Male) |
| 9:53 | Create | Villager (Male) |
| 10:00 | Build | Mill |
| 10:12 | Build | House |
| 10:18 | Build | House |
| 10:37 | Create | Villager (Male) |
| 10:51 | Create | Fishing Ship |
| 11:21 | Research | Feudal Age |
| 11:21 | Research | Feudal Age |
| 11:21 | Research | Feudal Age |
| 11:51 | Build | Dock |
| 12:23 | Create | Villager (Male) |
| 12:24 | Create | Villager (Male) |
| 12:31 | Build | Mill |
| 12:46 | Create | Villager (Male) |
| 13:16 | Build | House |
| 13:31 | Age | Feudal Age |
| 13:41 | Build | Blacksmith |
| 13:44 | Build | Market |
| 13:51 | Research | Tech 906 |
| 14:08 | Build | Mining Camp |
| 14:09 | Build | Palisade Wall |
| 14:19 | Build | House |
| 14:39 | Research | Castle Age |
| 14:46 | Create | Unit 2626 |
| 15:33 | Build | Outpost |
| 15:44 | Build | Lumber Camp |
| 16:13 | Build | Outpost |
| 16:35 | Build | House |
| 17:25 | Create | Villager (Male) |
| 17:25 | Create | Villager (Male) |
| 17:26 | Age | Castle Age |
| 17:49 | Create | Villager (Male) |
| 17:54 | Build | Castle |
| 18:05 | Build | House |
| 18:10 | Build | House |
| 18:19 | Create | Villager (Male) |
| 18:48 | Create | Conquistador |
| 18:49 | Create | Conquistador |
| 18:55 | Create | Conquistador |
| 19:05 | Create | Villager (Male) |
| 19:11 | Build | Town Center |
| 19:17 | Create | Conquistador |
| 19:19 | Create | Villager (Male) |
| 19:43 | Build | Stone Wall |
| 19:45 | Build | Stone Wall |
| 19:48 | Build | Stone Wall |
| 19:56 | Create | Villager (Male) |
| 19:56 | Create | Villager (Male) |
| 20:10 | Create | Conquistador |
| 20:13 | Create | Petard |
| 20:32 | Create | Conquistador |
| 20:58 | Create | Villager (Male) |
| 21:20 | Create | Villager (Male) |
| 21:23 | Create | Villager (Male) |
| 21:35 | Build | House |
| 21:57 | Create | Villager (Male) |
| 21:58 | Create | Villager (Male) |
| 22:20 | Create | Villager (Male) |
| 22:21 | Create | Villager (Male) |
| 22:34 | Build | Monastery |
| 22:49 | Create | Villager (Male) |
| 22:49 | Create | Villager (Male) |
| 22:55 | Build | Dock |
| 23:23 | Create | Missionary |
| 23:27 | Create | Villager (Male) |
| 23:28 | Create | Villager (Male) |
| 23:28 | Create | Villager (Male) |
| 23:43 | Create | Villager (Male) |
| 23:48 | Build | House |
| 23:48 | Build | House |
| 23:51 | Create | Villager (Male) |
| 24:11 | Create | Villager (Male) |
| 24:17 | Research | Gillnets |
| 24:31 | Build | Castle |
| 24:37 | Create | Missionary |
| 24:39 | Create | Villager (Male) |
| 24:51 | Create | Villager (Male) |
| 25:06 | Create | Villager (Male) |
| 25:20 | Create | Villager (Male) |
| 25:28 | Build | Dock |
| 25:49 | Build | Town Center |
| 25:55 | Create | Conquistador |
| 26:01 | Create | Villager (Male) |
| 26:31 | Research | Redemption |
| 26:39 | Create | Villager (Male) |
| 26:48 | Create | Fishing Ship |
| 26:48 | Create | Fishing Ship |
| 27:01 | Create | Conquistador |
| 27:04 | Create | Villager (Male) |
| 27:05 | Create | Villager (Male) |
| 27:05 | Create | Villager (Male) |
| 27:06 | Create | Villager (Male) |
| 27:28 | Research | Padded Archer Armor |
| 27:29 | Create | Conquistador |
| 27:45 | Build | House |
| 27:57 | Create | Villager (Male) |
| 27:57 | Create | Villager (Male) |
| 27:57 | Create | Villager (Male) |
| 28:21 | Research | War Galley (upgrade) |
| 28:24 | Create | Unit 2626 |
| 28:53 | Create | Villager (Male) |
| 28:53 | Create | Villager (Male) |
| 29:02 | Build | Mining Camp |
| 29:10 | Build | Castle |
| 29:18 | Build | House |
| 29:21 | Build | House |
| 29:23 | Build | House |
| 30:27 | Create | Unit 2626 |
| 30:37 | Create | Villager (Male) |
| 30:38 | Create | Villager (Male) |
| 30:38 | Create | Villager (Male) |
| 31:00 | Create | Villager (Male) |
| 31:00 | Create | Villager (Male) |
| 31:10 | Build | House |
| 31:10 | Build | House |
| 31:13 | Create | Villager (Male) |
Build order — Neo
126 actions detected in the replay
| 0:30 | Build | Town Center |
| 0:43 | Build | Dock |
| 0:46 | Build | House |
| 2:48 | Create | Villager (Male) |
| 2:49 | Create | Villager (Male) |
| 2:49 | Create | Villager (Male) |
| 2:49 | Create | Villager (Male) |
| 2:49 | Create | Villager (Male) |
| 3:58 | Create | Villager (Male) |
| 3:58 | Create | Villager (Male) |
| 4:11 | Build | House |
| 4:16 | Create | Fishing Ship |
| 4:53 | Research | Loom |
| 5:26 | Create | Villager (Male) |
| 5:27 | Create | Villager (Male) |
| 6:27 | Create | Villager (Male) |
| 6:33 | Create | Villager (Male) |
| 6:35 | Create | Fishing Ship |
| 7:08 | Create | Villager (Male) |
| 7:23 | Create | Villager (Male) |
| 7:23 | Create | Villager (Male) |
| 7:30 | Build | House |
| 7:32 | Create | Villager (Male) |
| 8:41 | Build | House |
| 8:50 | Create | Fishing Ship |
| 8:59 | Create | Villager (Male) |
| 8:59 | Create | Villager (Male) |
| 9:11 | Create | Villager (Male) |
| 9:11 | Create | Villager (Male) |
| 9:11 | Create | Villager (Male) |
| 9:26 | Create | Fishing Ship |
| 9:45 | Create | Fishing Ship |
| 9:46 | Create | Villager (Male) |
| 9:46 | Create | Villager (Male) |
| 9:57 | Build | Mill |
| 10:18 | Build | House |
| 10:45 | Create | Villager (Male) |
| 10:48 | Create | Fishing Ship |
| 11:18 | Research | Feudal Age |
| 11:18 | Research | Feudal Age |
| 11:30 | Build | Mining Camp |
| 12:27 | Build | House |
| 13:01 | Build | Lumber Camp |
| 13:11 | Create | Villager (Male) |
| 13:11 | Create | Villager (Male) |
| 13:28 | Age | Feudal Age |
| 13:34 | Build | Blacksmith |
| 14:12 | Build | Siege Workshop |
| 14:17 | Create | Villager (Male) |
| 14:30 | Build | House |
| 14:33 | Build | Palisade Wall |
| 14:41 | Create | Villager (Male) |
| 14:52 | Create | Battering Ram |
| 15:07 | Create | Villager (Male) |
| 15:13 | Create | Villager (Male) |
| 15:18 | Create | Battering Ram |
| 16:08 | Create | Battering Ram |
| 16:50 | Create | Battering Ram |
| 17:15 | Create | Battering Ram |
| 17:38 | Create | Villager (Male) |
| 17:39 | Create | Villager (Male) |
| 17:52 | Create | Villager (Male) |
| 18:15 | Create | Battering Ram |
| 18:21 | Create | Battering Ram |
| 18:21 | Create | Battering Ram |
| 18:58 | Research | Fletching |
| 18:58 | Research | Fletching |
| 19:12 | Create | Battering Ram |
| 19:25 | Build | House |
| 19:27 | Build | House |
| 20:01 | Create | Battering Ram |
| 20:35 | Create | Villager (Male) |
| 20:36 | Create | Villager (Male) |
| 21:17 | Create | Villager (Male) |
| 21:51 | Build | Town Center |
| 22:31 | Create | Villager (Male) |
| 22:31 | Create | Villager (Male) |
| 22:35 | Build | House |
| 22:36 | Build | House |
| 22:42 | Build | Barracks |
| 23:36 | Research | Castle Age |
| 23:36 | Research | Castle Age |
| 24:07 | Research | Padded Archer Armor |
| 24:25 | Create | Villager (Male) |
| 24:34 | Build | Mining Camp |
| 24:50 | Build | Market |
| 25:18 | Create | Battering Ram |
| 25:19 | Create | Battering Ram |
| 25:36 | Build | Mining Camp |
| 26:16 | Age | Castle Age |
| 26:52 | Build | House |
| 27:04 | Build | Mining Camp |
| 27:11 | Create | Battering Ram |
| 27:48 | Create | Mangonel |
| 28:28 | Create | Villager (Male) |
| 29:51 | Create | Villager (Male) |
| 29:51 | Create | Villager (Male) |
| 30:03 | Build | Town Center |
| 30:09 | Build | Town Center |
| 30:40 | Build | Farm |
| 30:40 | Build | Farm |
| 30:41 | Build | Farm |
| 30:41 | Build | Farm |
| 30:41 | Build | Farm |
| 30:41 | Build | Farm |
| 30:42 | Build | Farm |
| 30:42 | Build | Farm |
| 30:42 | Build | Farm |
| 31:06 | Build | Farm |
| 31:09 | Create | Villager (Male) |
| 31:09 | Create | Villager (Male) |
| 31:09 | Create | Villager (Male) |
| 31:24 | Build | Farm |
| 31:25 | Build | Farm |
| 31:25 | Build | Farm |
| 31:25 | Build | Farm |
| 31:25 | Build | Farm |
| 31:26 | Build | Farm |
| 31:26 | Build | Farm |
| 31:26 | Build | Farm |
| 31:36 | Create | Villager (Male) |
| 31:36 | Create | Villager (Male) |
| 31:36 | Create | Villager (Male) |
| 31:36 | Create | Villager (Male) |
| 31:36 | Create | Villager (Male) |
| 31:53 | Create | Villager (Male) |
Match timeline
| 0:43 | Neo · first_building Dock |
| 1:02 | Phoebus Apollo · first_building Dock |
| 1:52 | brachigol · first_building Dock |
| 11:42 | TheRe@l_Milo · age_up feudal |
| 12:02 | Phoebus Apollo · first_building Barracks |
| 12:59 | Phoebus Apollo · age_up feudal |
| 13:28 | Neo · age_up feudal |
| 13:31 | brachigol · age_up feudal |
| 14:09 | brachigol · wall_segment Palisade Wall x1 |
| 14:12 | Neo · first_building Siege Workshop |
| 14:33 | Neo · wall_segment Palisade Wall x1 |
| 15:27 | TheRe@l_Milo · first_building Barracks |
| 17:26 | brachigol · age_up castle |
| 17:54 | brachigol · first_building Castle |
| 19:43 | brachigol · wall_segment Stone Wall x5 |
| 19:45 | brachigol · wall_segment Stone Wall x3 |
| 19:48 | brachigol · wall_segment Stone Wall x4 |
| 20:38 | brachigol · first_market_buy 100 stone |
| 22:34 | brachigol · first_building Monastery |
| 22:42 | Neo · first_building Barracks |
| 23:44 | Phoebus Apollo · first_market_sell 100 food |
| 23:45 | Phoebus Apollo · first_market_buy 100 wood |
| 23:59 | Phoebus Apollo · first_building Archery Range |
| 25:33 | Phoebus Apollo · age_up castle |
| 25:58 | Phoebus Apollo · first_building Castle |
| 26:16 | Neo · age_up castle |
| 26:29 | brachigol · first_market_sell 100 food |
| 30:57 | Neo · first_market_buy 100 food |
| 31:25 | TheRe@l_Milo · first_market_sell 100 food |
| 31:27 | brachigol · first_building Barracks |
| 32:00 | brachigol · resign |
[ AI ANALYSIS · 1 CREDIT ]
What really happened in this match?
Wolo.gg analyzes every decision: build order, eco, micro, common mistakes by bracket. Personalized analysis on WhatsApp or Discord in 30 seconds.
Civ guide
Mongols
Perfil
Jugador #3688987